 Dungeon Crawl Stone Soup version 0.31-a0-187-gba352fbbf7 (webtiles) character file.

Game seed: 6459535919057106973

952 qw the Skirmisher (level 7, -1/40 HPs)
             Began as a Deep Elf Hunter on June 22, 2023.
             Slain by a skeletal warrior
             ... wielding a +0 scimitar
              (3 damage)
             ... on level 7 of the Dungeon.
             The game lasted 00:01:37 (4988 turns).

qw the Skirmisher (Deep Elf Hunter)                 Turns: 4988, Time: 00:01:38

Health: -1/40      AC:  6    Str: 10    XL:     7   Next: 90%
Magic:  9/9        EV: 11    Int: 14    God:
Gold:   371        SH:  0    Dex: 18    Spells: 6/6 levels left

rFire   . . .        Y - +1 orcbow
rCold   . . .        (shield currently unavailable)
rNeg    . . .        i - +0 ring mail
rPois   +            (no helmet)
rElec   .            (no cloak)
rCorr   .            p - +0 pair of gloves
SInv    +            (no boots)
Will    .....        (no amulet)
Stlth   +            c - ring of Releaq {rPois Slay+2}
HPRegen 0.26/turn    j - ring of see invisible
MPRegen 0.11/turn

%: no passive effects
@: about to teleport
A: screaming 1
a: no special abilities


You were on level 7 of the Dungeon.
You visited 2 branches of the dungeon, and saw 8 of its levels.

You collected 371 gold pieces.


Innate Abilities, Weirdness & Mutations

You occasionally shout uncontrollably at your foes.


   Skills:
 + Level 2.1 Fighting
 - Level 12.0 Ranged Weapons
 - Level 1.0 Armour
 - Level 3.7 Dodging
 - Level 1.2 Stealth


You had 6 spell levels left.
You didn't know any spells.
Your spell library was empty.

Inventory:

Hand Weapons
 Y - a +1 orcbow (weapon)
Armour
 i - a +0 ring mail (worn)
 p - a +0 pair of gloves (worn)
Jewellery
 b - a +4 ring of protection
 c - the ring of Releaq (left hand) {rPois Slay+2}
   (You acquired it on level 2 of the Dungeon)

   [ring of poison resistance]

   Slay:      It affects your accuracy & damage with ranged weapons and melee
   (+2).
   rPois:     It protects you from poison.
 j - a ring of see invisible (right hand)
 m - a ring of fire
Scrolls
 f - a scroll of identify
 l - a scroll of immolation {unknown}
 o - a scroll of teleportation
Potions
 a - a potion of resistance
 d - a potion of might
 e - 2 potions of heal wounds
 g - a potion of enlightenment
 h - a potion of mutation
 k - a potion of curing
 q - a potion of invisibility {unknown}

Dungeon Overview and Level Annotations

Branches:
Dungeon (7/15)             Temple (1/1) D:4

Altars:
Ashenzari
Cheibriados
Dithmenos
Elyvilon
Fedhas
Gozag
Hepliaklqana
Kikubaaqudgha
Makhleb
Nemelex Xobeh
Ru
Sif Muna
Trog
Uskayaw
Vehumet
Wu Jian
Xom
Yredelemnul
Zin
The Shining One

Shops:
D:1 *??


Message History

You shoot an arrow. The arrow hits the orc!
You kill the orc!
Things that are here:
a +0 flail; an orc corpse An ogre comes into view.
It is wielding a +0 giant spiked club.
The ogre shouts!
You shoot an arrow. The arrow hits the ogre!
The ogre is heavily wounded.
You shoot an arrow. The arrow hits the ogre.
The ogre is heavily wounded.
You shoot an arrow. The arrow hits the ogre!
The ogre is almost dead.
You shoot an arrow. The arrow hits the ogre!
You kill the ogre!
Your Ranged Weapons skill increases to level 12!
Found a stone staircase leading up.
You now have 371 gold pieces (gained 9).
A skeletal warrior comes into view. It is wielding a +0 scimitar.
You yell at the skeletal warrior!
A skeletal warrior comes into view. It is wielding a +0 scimitar.
You shoot an arrow.
The arrow hits the skeletal warrior but does no damage.
You shoot an arrow.
The arrow hits the skeletal warrior but does no damage.
You shoot an arrow.
The arrow hits the skeletal warrior but does no damage.
The skeletal warrior hits you with a +0 scimitar!
An ogre comes into view. It is wielding a +0 giant club.
You shoot an arrow.
The arrow barely misses the skeletal warrior. x2
The skeletal warrior hits you with a +0 scimitar!!
Ouch! That really hurt!
A skeletal warrior comes into view. It is wielding a +0 glaive.
You yell at the skeletal warrior!
You hear a shout!
4988 ||| READING 2 scrolls of teleportation.
As you read the scroll of teleportation, it crumbles to dust.
You feel strangely unstable.
The skeletal warrior hits you with a +0 scimitar.
You die...

#.# ######.. #.#
#....... #.#
#.#####. #.# #.#
#. #.# #.# #.
#######.###.#####.
#.................
#.######..........
#@# ####...####
#z# ###..... .z.
#.#### z###. #.#
.O .. #.# ## ##
#.# #.# #.#


You could see 3 skeletal warriors and an ogre.

Vanquished Creatures
  Duvessa (D:4)
  2 ogres
  A phantom (D:5)
  Blork the orc (D:5)
  A scorpion (D:6)
  Dowan (D:4)
  A howler monkey (D:4)
  2 orc priests
  4 iguanas
  An orc wizard (D:7)
  3 gnolls (D:4)
  4 adders
  3 white imps
  3 ufetubi
  3 worms
  4 dart slugs
  16 orcs
  11 endoplasms
  2 giant cockroaches (D:1)
  9 hobgoblins
  4 kobolds
  A quokka (D:4)
  10 ball pythons
  5 bats
  2 frilled lizards
  3 goblins
  7 rats
105 creatures vanquished.

Notes
Turn   | Place    | Note
-------+----------+-------------------------------------------
     0 | D:1      | qw the Deep Elf Hunter began the quest for the Orb.
     0 | D:1      | Reached XP level 1. HP: 12/12 MP: 3/3
     0 | D:1      | 0 ||| qw: Version: 0.3-a-9-g12657ce
     0 | D:1      | 0 ||| qw: Game counter: 2024
     0 | D:1      | 0 ||| qw: Always use a shield: true
     0 | D:1      | 0 ||| qw: God list: Okawaru
     0 | D:1      | 0 ||| qw: Allow faded altars: false
     0 | D:1      | 0 ||| qw: Do Orc after D:15 true
     0 | D:1      | 0 ||| qw: Do second Lair branch before Depths: true
     0 | D:1      | 0 ||| qw: Lair rune preference: random
     0 | D:1      | 0 ||| qw: Plans: Normal
     0 | D:1      | 0 ||| PLANNING D:1-11
    90 | D:1      | Found Popuecsa's Magic Scroll Shoppe.
    96 | D:1      | 96 ||| SHOPLISTING scroll of identify (24 gold, have 0).
   199 | D:1      | Found Yjeqe's Magic Scroll Shop.
   204 | D:1      | 204 ||| SHOPLISTING 3 scrolls of teleportation (90 gold,
                  | have 0).
   204 | D:1      | 204 ||| SHOPLISTING scroll of enchant armour (75 gold, have
                  | 0).
   204 | D:1      | 204 ||| SHOPLISTING scroll of enchant weapon (75 gold, have
                  | 0).
   204 | D:1      | 204 ||| SHOPLISTING scroll of identify (20 gold, have 0).
   313 | D:1      | Reached XP level 2. HP: 16/16 MP: 4/4
   314 | D:1      | Reached skill level 6 in Ranged Weapons
   314 | D:1      | Found Waothruji's Assorted Antiques.
   319 | D:1      | 319 ||| SHOPLISTING 2 ruby potions (46 gold, have 11).
   319 | D:1      | 319 ||| SHOPLISTING bone ring (130 gold, have 11).
   319 | D:1      | 319 ||| SHOPLISTING dyed leather armour (130 gold, have
                  | 11).
   319 | D:1      | 319 ||| SHOPLISTING pair of boots (117 gold, have 11).
   319 | D:1      | 319 ||| SHOPLISTING ring mail (104 gold, have 11).
   319 | D:1      | 319 ||| SHOPLISTING scroll labelled KOUHOZU IDYCKU (26
                  | gold, have 11).
   789 | D:1      | Found a faded altar of an unknown god.
   800 | D:1      | 800 ||| SWAPPING to +0 orcbow.
   809 | D:1      | 809 ||| DROPPING +0 shortbow.
   825 | D:1      | Reached XP level 3. HP: 10/20 MP: 5/5
  1178 | D:1      | 1178 ||| UPGRADING to +0 ring mail.
  1188 | D:1      | 1188 ||| DROPPING +0 leather armour.
  1189 | D:1      | 1189 ||| READING scroll labelled XOKUTHR JEIQOITU.
  1190 | D:1      | 1190 ||| READING 2 scrolls labelled XEGAOSIEPP.
  1191 | D:1      | 1191 ||| DROPPING scroll of butterflies.
  1801 | D:2      | 1801 ||| READING scroll labelled XOIRAAF IZEO.
  1802 | D:2      | 1802 ||| READING scroll labelled DIKKEGRUWKE.
  1803 | D:2      | 1803 ||| READING scroll labelled LIDARR WACWUE.
  1803 | D:2      | Identified a scroll of acquirement
  1803 | D:2      | 1803 ||| ACQUIRING ring of Releaq {rPois Slay+2}
  1803 | D:2      | Acquired the ring of Releaq {rPois Slay+2}
  1805 | D:2      | 1805 ||| UPGRADING to ring of Releaq {rPois Slay+2}.
  1806 | D:2      | 1806 ||| DRINKING 2 green potions.
  1807 | D:2      | 1807 ||| DRINKING 2 silvery potions.
  1808 | D:2      | 1808 ||| DROPPING potion of magic.
  1855 | D:3      | Reached skill level 7 in Ranged Weapons
  1892 | D:3      | Found a sacrificial altar of Ru.
  2150 | D:3      | Reached XP level 4. HP: 25/25 MP: 6/6
  2319 | D:3      | 2319 ||| UPGRADING to +0 pair of gloves.
  2324 | D:3      | 2324 ||| READING scroll labelled FEAZUE GYUNEIT.
  2325 | D:3      | 2325 ||| READING scroll labelled GAR YP ZUOSONK.
  2330 | D:3      | 2330 ||| DRINKING 2 yellow potions.
  2331 | D:3      | 2331 ||| DRINKING 2 bubbling clear potions.
  2435 | D:3      | 2435 ||| READING 2 scrolls of identify.
  2435 | D:3      | 2435 ||| IDENTIFYING amethyst potion
  2436 | D:3      | 2436 ||| DROPPING potion of berserk rage.
  2652 | D:4      | Reached skill level 8 in Ranged Weapons
  2678 | D:4      | Reached XP level 5. HP: 29/29 MP: 7/7
  2700 | D:4      | Identified the +7 dagger of Deformation {vamp, rF+ Dex+4}
  2820 | D:4      | Noticed Duvessa
  2822 | D:4      | Noticed Dowan
  2826 | D:4      | Killed Duvessa
  2827 | D:4      | Reached skill level 9 in Ranged Weapons
  2827 | D:4      | Reached XP level 6. HP: 34/34 MP: 8/8
  2835 | D:4      | Killed Dowan
  2860 | D:4      | Found a staircase to the Ecumenical Temple.
  2861 | D:4      | 2861 ||| PLANNING TEMPLE
  2861 | D:4      | 2861 ||| UPGRADING to ring of see invisible.
  2862 | D:4      | 2862 ||| READING scroll labelled MUHOBUSTRUE.
  2863 | D:4      | 2863 ||| DRINKING 2 fizzy golden potions.
  2864 | D:4      | 2864 ||| DRINKING 2 dark potions.
  2864 | D:4      | Gained mutation: You occasionally shout uncontrollably at
                  | your foes. [potion of mutation]
  2874 | Temple   | Entered the Ecumenical Temple
  3097 | Temple   | 3097 ||| PLANNING D:1-11
  3138 | D:4      | Found a glowing silver altar of Zin.
  3138 | D:4      | Noticed an angel
  3237 | D:4      | 3237 ||| Stepping ~*~*~tactically~*~*~ (outnumbered).
  3239 | D:4      | 3239 ||| Stepping ~*~*~tactically~*~*~ (outnumbered).
  3323 | D:4      | Reached skill level 10 in Ranged Weapons
  3457 | D:5      | Entered Level 5 of the Dungeon
  3462 | D:5      | Reached skill level 3 in Dodging
  3467 | D:5      | 3467 ||| STAIRDANCE
  3471 | D:4      | Reached XP level 7. HP: 31/40 MP: 9/9
  3473 | D:4      | Reached skill level 1 in Armour
  3548 | D:5      | Found an ancient bone altar of Kikubaaqudgha.
  3621 | D:5      | Found a shadowy altar of Dithmenos.
  3765 | D:5      | Noticed Blork the orc
  3770 | D:5      | Killed Blork the orc
  4005 | D:5      | 4005 ||| DRINKING 2 ruby potions.
  4006 | D:5      | 4006 ||| DRINKING 2 bubbling yellow potions.
  4049 | D:5      | 4049 ||| READING 2 scrolls of identify.
  4049 | D:5      | 4049 ||| IDENTIFYING viscous purple potion
  4050 | D:5      | 4050 ||| DROPPING potion of brilliance.
  4051 | D:5      | 4051 ||| DROPPING potion of lignification.
  4242 | D:6      | Reached skill level 11 in Ranged Weapons
  4332 | D:6      | Found a white marble altar of Elyvilon.
  4793 | D:6      | 4793 ||| DRINKING 2 pink potions.
  4794 | D:6      | 4794 ||| DROPPING potion of attraction.
  4829 | D:7      | 4829 ||| STAIRDANCE
  4958 | D:7      | Reached skill level 12 in Ranged Weapons
  4983 | D:7      | Noticed a skeletal warrior
  4983 | D:7      | Noticed a skeletal warrior
  4987 | D:7      | HP: 2/40 [skeletal warrior/+0 scimitar (26)]
  4987 | D:7      | Noticed a skeletal warrior
  4988 | D:7      | 4988 ||| READING 2 scrolls of teleportation.
  4988 | D:7      | Slain by a skeletal warrior

Levels and vault maps discovered:
D:1:      onia_arrival_mini_maze_b, layout_basic, serial_shops,
          nicolae_shop_waterfront, shop, nicolae_shop_rolling_square,
          hellmonk_ecumenical_altar_arch_garden, nicolae_figureground_sparkle
D:2:      layout_basic
D:3:      layout_rooms, nicolae_ru_awakened_eye, kennysheep_generic_room_16
D:4:      minmay_evil_eye, layout_loops_ring, zin_angel,
          minmay_temple_entry_poolview, uniq_duvessa
D:5:      layout_rooms, kiku_gazebo_garden_becter,
          nicolae_dithmenos_the_darkroom, uniq_blork_the_orc
D:6:      layout_cave_pods, old_standard_altar, serial_bayou,
          serial_bayou_pond_b, serial_bayou_pond_d, serial_bayou_lagoon_a,
          serial_bayou_pond_e, small_statue_alley_b, minmay_gold_behind_fungi
D:7:      layout_loops_ring, lemuel_tele_altar
Temple:   regret_index_temple_generic_petals

Skill      XL: |  1  2  3  4  5  6  7 |
---------------+----------------------+-----
Ranged Weapons | 6 7 8 9 10 12 | 12.0
Fighting       | 2 |  2.1
Dodging        | 3 |  3.7
Armour         | 1 |  1.0
Stealth        | |  1.2

Action                     |  1- 3 |  4- 6 |  7- 9 || total
---------------------------+-------+-------+-------++-------
   Fire: Shortbow          |    49 |       |       ||    49
         Orcbow            |    62 |    87 |    91 ||   240
    Use: Scroll            |     5 |     4 |     2 ||    11
         Potion            |     2 |     4 |     3 ||     9
 Armour: Leather armour    |     4 |       |       ||     4
         Ring mail         |     3 |    12 |    16 ||    31
  Dodge: Dodged            |    16 |    29 |    35 ||    80

Table legend:
 A = Non-vault XP
 B = Vault XP
 C = Vault XP percentage of total XP
 D = Non-vault monster count
 E = Vault monster count
 F = Vault count percentage of total count
                 A         B        C        D         E       F
            +---------+---------+-------+---------+---------+-------
      Total |     932 |     429 |  31.5 |      89 |      16 |  15.2
            +---------+---------+-------+---------+---------+-------
        D:1 |      43 |       1 |   2.3 |      24 |       1 |   4.0
        D:2 |      18 |       0 |   0.0 |      10 |       0 |   0.0
        D:3 |      35 |       7 |  16.7 |      14 |       3 |  17.6
        D:4 |     253 |     284 |  52.9 |      21 |       9 |  30.0
        D:5 |     251 |      94 |  27.2 |       8 |       1 |  11.1
        D:6 |     125 |      43 |  25.6 |       5 |       2 |  28.6
        D:7 |     207 |       0 |   0.0 |       7 |       0 |   0.0
            +---------+---------+-------+---------+---------+-------
